 Dungeon Crawl Stone Soup version 0.30.1-1-g62c8e00024 (webtiles) character file.

Game seed: 14826365072320283408

38 cdecastro the Cudgeller (level 3, 0/36 HPs)
             Began as a Troll Fighter on July 17, 2023.
             Slain by Natasha (4 damage)
             ... on level 2 of the Dungeon.
             The game lasted 00:01:29 (932 turns).

cdecastro the Cudgeller (Troll Fighter)              Turns: 932, Time: 00:01:30

Health: 0/36       AC:  4    Str: 24    XL:     3   Next: 25%
Magic:  2/2        EV:  9    Int:  4    God:
Gold:   30         SH:  8    Dex: 11    Spells: 2/2 levels left

rFire   . . .        (no weapon)
rCold   . . .        c - +0 kite shield
rNeg    . . .        b - +0 robe
rPois   .            (helmet restricted)
rElec   .            (no cloak)
rCorr   .            (gloves unavailable)
SInv    .            (boots unavailable)
Will    .....        (no amulet)
Stlth   +            (no ring)
HPRegen 1.06/turn    (no ring)
MPRegen 0.08/turn

%: no passive effects
@: no status effects
A: large, unfitting armour, claws 3, regeneration 1, shaggy fur 1, tough skin 1
a: no special abilities


You were on level 2 of the Dungeon.
You visited 1 branch of the dungeon, and saw 2 of its levels.

You collected 30 gold pieces.

Inventory:

Hand Weapons
 a - a +0 flail
Missiles
 g - 2 javelins (quivered)
 h - 5 boomerangs
Armour
 b - a +0 robe (worn)
 c - a +0 kite shield (worn)
Potions
 d - 2 potions of might
 e - a potion of cancellation {unknown}
 f - a potion of brilliance {unknown}


   Skills:
 + Level 2.8 Fighting
 * Level 3.0 Maces & Flails
 - Level 2.4 Dodging
 - Level 2.6 Shields


You had 2 spell levels left.
You didn't know any spells.
Your spell library was empty.

Dungeon Overview and Level Annotations

Branches:
Dungeon (2/15)

Altars:

Annotations:
D:2 Natasha


Innate Abilities, Weirdness & Mutations

You are too large for most types of armour.
You have claws for hands.
Your natural rate of healing is unusually fast.
You are covered in fur. (AC +1)
You have tough skin. (AC +1)


Message History

The cerulean imp completely misses you. You block Natasha's attack.
You block the cerulean imp's attack. The rat barely misses you.
You scratch Natasha but do no damage.
Natasha is severely wounded.
The cerulean imp closely misses you. Natasha claws you!
You block the cerulean imp's attack. The rat barely misses you.
The cerulean imp barely misses you.
You barely miss Natasha.
Natasha is severely wounded.
You block Natasha's attack. The cerulean imp barely misses you.
You block the rat's attack. The cerulean imp barely misses you.
You barely miss Natasha.
Natasha is severely wounded.
Natasha claws you!
* * * LOW HITPOINT WARNING * * *
The cerulean imp hits you but does no damage.
The rat barely misses you.
The cerulean imp hits you from afar with a +1 spear.
* * * LOW HITPOINT WARNING * * *
Natasha claws you.
* * * LOW HITPOINT WARNING * * *
You scratch Natasha but do no damage.
Natasha is severely wounded.
The cerulean imp hits you from afar with a +2 spear.
* * * LOW HITPOINT WARNING * * *
The rat twitches its whiskers.
You block the rat's attack. You block the cerulean imp's attack.
You block Natasha's attack.
You closely miss Natasha.
Natasha is severely wounded.
You block the cerulean imp's attack. The rat barely misses you.
The cerulean imp hits you but does no damage.
Natasha casts a spell at you. The magic dart hits you!
* * * LOW HITPOINT WARNING * * *
You scratch Natasha but do no damage.
Natasha is severely wounded.
You block the cerulean imp's attack. The rat barely misses you.
You block the cerulean imp's attack. Natasha claws you.
You die...

#.###.
...[.# ..
.....###..
..(......
..#......
#.55:.>..
##h.....#
#.@r# #...#
##?.##
.#######...#
.........#.#
.#####....#
#...##
#.#.....# .
#.#####.#


You could see Natasha, 2 cerulean imps and a rat.

Vanquished Creatures
  A gnoll (D:1)
  A dart slug (D:1)
  5 endoplasms
  A giant cockroach (D:2)
  2 hobgoblins (D:1)
  5 ball pythons (D:1)
  A frilled lizard (D:1)
  2 goblins (D:1)
  2 kobolds (D:1)
  7 rats (D:1)
27 creatures vanquished.

Notes
Turn   | Place    | Note
-------+----------+-------------------------------------------
     0 | D:1      | cdecastro the Troll Fighter began the quest for the Orb.
     0 | D:1      | Reached XP level 1. HP: 22/22 MP: 0/0
    71 | D:1      | Reached skill level 2 in Maces & Flails
   184 | D:1      | Found a faded altar of an unknown god.
   186 | D:1      | Reached XP level 2. HP: 29/29 MP: 1/1
   385 | D:1      | Reached XP level 3. HP: 36/36 MP: 2/2
   909 | D:2      | Reached skill level 3 in Maces & Flails
   918 | D:2      | Noticed Natasha
   932 | D:2      | Slain by Natasha

Illustrated notes

Levels and vault maps discovered:
D:1:      dpeg_arrival_shrine, layout_loops_ring, shapermc_ecumenical_altar_gd,
          minmay_strange_pillars, grunt_decor_fettered
D:2:      layout_rooms, uniq_natasha, uniq_terence

Skill      XL: |  1  2  3 |
---------------+----------+-----
Maces & Flails | 2 3 |  3.0
Fighting       | |  2.8
Dodging        | |  2.4
Shields        | |  2.6

Action                     || total
---------------------------++-------
  Melee: Unarmed           ||    76
   Stab: Sleeping          ||     1
 Armour: Robe              ||    21
  Dodge: Dodged            ||    27
  Block: Kite shield       ||    25
